 Dungeon Crawl Stone Soup version 0.29-a0-925-g0a7a3d12f8 (webtiles) character file.

Game seed: 10072155011136057748

551 nicolae the Changer (level 7, 0/43 HPs)
             Began as an Octopode Transmuter on July 29, 2022.
             Was an Initiate of Gozag.
             Slain by an iguana (11 damage)
             ... on level 5 of the Dungeon.
             The game lasted 00:10:16 (6350 turns).

nicolae the Changer (Octopode Transmuter)           Turns: 6350, Time: 00:10:17

Health: 0/43       AC:  1    Str:  9    XL:     7   Next: 29%
Magic:  5/10       EV: 13    Int: 26    God:    Gozag
Gold:   726        SH:  0    Dex: 12    Spells: 1/10 levels left

rFire   + . .      SeeInvis +     - Unarmed
rCold   . . .      Faith    .   (no shield)
rNeg    + . .      Spirit   .   (helmet restricted)
rPois   .          Reflect  .   h - amulet of magic regeneration
rElec   .          Harm     .   j - +6 ring of intelligence
rCorr   +          Rampage  .   l - ring of Reimbursement {rF+ rN+ rCorr Int+2 SInv}
Will    .....                   (no ring)
Stlth   ++........              (no ring)
HPRegen 0.14/turn               (no ring)
MPRegen 0.52/turn               (no ring)
                                (no ring)
                                (no ring)

@: lethally poisoned (0 -> -10), swift, very slightly contaminated, quick
A: almost no armour, amphibious, 8 rings, camouflage 1, gelatinous body 1,
(nimble swimmer 1), tentacles
a: Renounce Religion, Potion Petition, Call Merchant, Bribe Branch


You were on level 5 of the Dungeon.
You worshipped Gozag.
Gozag was pleased with you.
You visited 1 branch of the dungeon, and saw 5 of its levels.

You collected 770 gold pieces.
You paid 44 gold pieces to Gozag.

Inventory:

Missiles
 o - 5 poisoned darts
 q - 3 boomerangs
Jewellery
 h - an amulet of magic regeneration (around mantle)
 j - a +6 ring of intelligence (left tentacle)
 l - the ring of Reimbursement (right tentacle) {rF+ rN+ rCorr Int+2 SInv}
   (You found it on level 4 of the Dungeon)

   [ring of see invisible]

   Int:       It affects your intelligence (+2).
   rF:        It protects you from fire.
   rN:        It protects you from negative energy.
   SInv:      It lets you see invisible.
   rCorr:     It protects you from acid and corrosion.
Wands
 r - a wand of paralysis (4)
Scrolls
 b - 4 scrolls of teleportation
 f - 3 scrolls of immolation
 k - a scroll of fog {unknown}
Potions
 c - a potion of cancellation
 d - a potion of curing
 e - 2 potions of brilliance {unknown}
 g - a potion of mutation
 i - a potion of ambrosia
 m - 2 potions of degeneration {unknown}
 n - a potion of might {unknown}
 p - 2 potions of lignification


   Skills:
 - Level 1.0 Fighting
 - Level 2.0 Dodging
 - Level 3.0 Unarmed Combat
 - Level 2.4 Spellcasting
 - Level 5.2 Transmutations
 + Level 2.9 Air Magic
 - Level 5.0 Poison Magic


You had one spell level left.
You knew the following spells:

 Your Spells              Type           Power      Damage    Failure   Level
a - Beastly Appendage     Tmut           60%        N/A       1%          1
b - Wereblood             Tmut           30%        N/A       1%          2
c - Spider Form           Tmut/Pois      29%        N/A       3%          3
d - Swiftness             Air            18%        N/A       9%          3

Your spell library contained the following spells:

 Spells                   Type           Power      Damage    Failure   Level
 Shock                    Conj/Air       40%        1d5       5%          1
 Airstrike                Air            9%         0-4+      30%         4
 Ice Form                 Ice/Tmut       16%        N/A       34%         4


Dungeon Overview and Level Annotations

Branches:
Dungeon (5/15)
 Temple: D:4-7

Altars:
Gozag
Kikubaaqudgha
Nemelex Xobeh
Ru
Sif Muna
Uskayaw
Wu Jian

Annotations:
D:4 1 runed translucent door, bande's ghost, novice GrFi


Innate Abilities, Weirdness & Mutations

You cannot wear most types of armour.
You are amphibious.
You can wear up to eight rings at the same time.
Your skin changes colour to match your surroundings (Stealth+).
Your rubbery body absorbs attacks. (AC +1, EV +1)
((You are camouflaged when in or above water. (Stealth+)))
You have tentacles for arms and can constrict up to eight enemies at once.


Message History

There is an open door here.
You open the door.
There is an open door here.
Found an encrusted fluorescent wand.
Found a leather armour.
r - a wand of paralysis (4) As you open the door, it creaks loudly!
Found a fizzy black potion.
There is an open door here.
m - 2 fizzy black potions (gained 1)
You open the door.
There is an open door here.
Okay, then.
As you read the scroll labelled YTAUVYNOPP, it crumbles to dust.
You hear a loud clanging noise!
It was a scroll of noise.
You hear an angry hiss. x2; You hear a bark!
You drop 2 scrolls of noise.
Found 12 gold pieces.
An iguana comes into view.
Found 2 potions of curing.
A scorpion comes into view.
The scorpion barely misses you. The iguana barely misses you.
The scorpion attacks as you move away! The scorpion stings you!
Casting: Beastly Appendage (safe; 1% risk of failure)
Confirm with . or Enter, or press ? or * to list all spells.
You miscast Swiftness.
You are very lightly contaminated with residual magic.
Nothing appears to happen.
The scorpion stings you.
You are poisoned.
The scorpion poisons you! The iguana bites you! The scorpion misses you.
Casting: Swiftness (dangerous; 9% risk of failure)
Confirm with . or Enter, or press ? or * to list all spells.
You feel quick.
You feel very sick. The scorpion stings you.
* * * LOW HITPOINT WARNING * * *
The iguana bites you!
You die...
Your body crumbles into a pile of gold.

..............
####....###.#. .#.#
#.......# #.#.#
####....#####. ....
.............. ...#
######.####### ...# #.#
####..!#### ##'##
#.........# $ ##...##
#..@......# ##.....##
#..sl...... ##.......##
###.....###
#.........####......#
+.........?............
#.........####....#.###
##.......## ##.#..$#
##.....## #.##.##
##...## #.. ...


You could see a scorpion and an iguana.

Vanquished Creatures
  A water moccasin (D:4)
  2 necrophages (D:5)
  A scorpion (D:4)
  An iguana (D:4)
  4 orc wizards
  Robin (D:3)
  An adder (D:3)
  A worm (D:2)
  3 dart slugs
  11 orcs
  4 bats
  6 endoplasms
  2 giant cockroaches (D:2)
  30 goblins
  11 hobgoblins
  2 jackals (D:1)
  2 quokkas
  4 ball pythons
  5 frilled lizards
  7 kobolds
  4 rats (D:1)
103 creatures vanquished.

Vanquished Creatures (others)
  A human (D:3)
  2 plants (D:4)
3 creatures vanquished.

Grand Total: 106 creatures vanquished

Notes
Turn   | Place    | Note
-------+----------+-------------------------------------------
     0 | D:1      | nicolae the Octopode Transmuter began the quest for the
                  | Orb.
     0 | D:1      | Reached XP level 1. HP: 13/13 MP: 3/3
   137 | D:1      | Reached XP level 2. HP: 18/18 MP: 3/5
   169 | D:1      | Learned a level 2 spell: Wereblood
   553 | D:1      | Reached XP level 3. HP: 15/23 MP: 4/6
   983 | D:2      | Learned a level 3 spell: Spider Form
  1010 | D:2      | Found a faded altar of an unknown god.
  1271 | D:2      | Found an opulent altar of Gozag.
  1293 | D:2      | Became a worshipper of Gozag Ym Sagoz the Greedy
  1634 | D:2      | Reached XP level 4. HP: 24/28 MP: 4/7
  2009 | D:3      | Found a sparkling altar of Nemelex Xobeh.
  2069 | D:3      | Noticed Robin
  2094 | D:3      | Killed Robin
  2910 | D:3      | Found an ancient bone altar of Kikubaaqudgha.
  2910 | D:3      | Noticed a human
  2917 | D:3      | Killed a human
  3013 | D:3      | Found a faded altar of an unknown god.
  3017 | D:3      | Found a shimmering blue altar of Sif Muna.
  3141 | D:3      | Reached XP level 5. HP: 29/33 MP: 8/8
  3454 | D:4      | Found a runed translucent door.
  3454 | D:4      | Noticed bande's ghost (novice GrFi)
  3497 | D:4      | Reached skill level 5 in Transmutations
  3497 | D:4      | Reached skill level 1 in Poison Magic
  3601 | D:4      | Noticed a water moccasin
  3721 | D:4      | Killed a water moccasin
  3722 | D:4      | Reached XP level 6. HP: 38/38 MP: 9/9
  4100 | D:4      | Found a sacrificial altar of Ru.
  4159 | D:4      | Reached skill level 5 in Poison Magic
  4276 | D:4      | Learned a level 3 spell: Swiftness
  4532 | D:4      | Found an ornate altar of the Wu Jian Council.
  4588 | D:4      | Found a hide-covered altar of Uskayaw.
  4650 | D:4      | Identified the +1 ring mail "Rokof" {rF+ Will+ SInv}
  4747 | D:4      | Identified the ring of Reimbursement {rF+ rN+ rCorr Int+2
                  | SInv}
  5382 | D:5      | Entered Level 5 of the Dungeon
  5491 | D:5      | Reached skill level 1 in Air Magic
  5692 | D:5      | Reached XP level 7. HP: 40/43 MP: 10/10
  6350 | D:5      | Slain by an iguana

Illustrated notes

Levels and vault maps discovered:
D:1:      dpeg_arrival_orchard, layout_rooms
D:2:      cheibrodos_greedy_goblins, layout_basic, basic_altar,
          dilly_ecumenical_altar_fadedgnrine
D:3:      layout_loops_corners, tgw_kikubaaqudgha,
          nicolae_overflow_ecumenical_swirl, amcnicky_altar_gilded,
          chequers_serial_rivers_micro_b, uniq_robin
D:4:      layout_basic, kennysheep_mini, nicolae_ru_the_path_less_chosen,
          general_overflow_altar, hellmonk_ghost_happy_afterlife, nrook_uturn
D:5:      layout_loops_corners, lemuel_round_altar, st_stairs_5, moated_statue,
          dreamdust_mushroom_princess

Skill      XL: |  1  2  3  4  5  6 |
---------------+-------------------+-----
Transmutations | 3 4 5 |  5.2
Poison Magic   | 4 5 |  5.0
Air Magic      | 2 |  2.9
Fighting       | |  1.0
Dodging        | |  2.0
Unarmed Combat | |  3.0
Spellcasting   | |  2.4

Action                   |  1- 3 |  4- 6 |  7- 9 || total
-------------------------+-------+-------+-------++-------
Melee: Unarmed           |    92 |   146 |     8 ||   246
       Constrict         |    25 |    31 |     1 ||    57
       Kick              |    19 |    43 |     4 ||    66
       Tentacles         |    10 |    25 |     2 ||    37
       Punch             |     1 |     4 |       ||     5
Throw: Dart              |       |     4 |       ||     4
 Cast: Beastly Appendage |    19 |    25 |     1 ||    45
       Wereblood         |     2 |     4 |       ||     6
       Swiftness         |       |       |     1 ||     1
  Use: Scroll            |     2 |     7 |     1 ||    10
       Potion            |       |     5 |       ||     5
 Stab: Sleeping          |     3 |     3 |       ||     6
Armor: Skin              |    18 |    23 |       ||    41
Dodge: Dodged            |    58 |    64 |     4 ||   126

Table legend: (Time is in decaauts)
 A = Elapsed time spent in this place.
 B = Non-inter-level travel time spent in this place.
 C = Inter-level travel time spent in this place.
 D = Time resting spent in this place.
 E = Time spent auto-exploring this place.
 F = Levels seen in this place.
 G = Mean time per level.
                   A        B        C        D        E       F      G
               +--------+--------+--------+--------+--------+-----+--------+
         Total |   6334 |   6241 |     93 |   2097 |   3073 |   5 | 1266.8 |
       Dungeon |   6334 |   6241 |     93 |   2097 |   3073 |   5 | 1266.8 |
               +--------+--------+--------+--------+--------+-----+--------+

Top non-repeatable levels by time:
     D:4: 1898 daAuts
     D:3: 1497 daAuts
     D:2: 1179 daAuts
     D:5: 966 daAuts
     D:1: 793 daAuts
